 Dungeon Crawl Stone Soup version 0.27.1-33-g824d729ab1 (webtiles) character file.

Game seed: 1025855348711112592

25 comborobin the Sneak (level 2, -2/25 HPs)
             Began as a Demigod Delver on Dec 28, 2021.
             Slain by Ijyb (5 damage)
             ... on level 5 of the Dungeon.
             The game lasted 00:01:35 (736 turns).

comborobin the Sneak (Demigod Delver)                Turns: 736, Time: 00:01:36

Health: -2/25      AC:  5    Str: 13    XL:     2   Next: 63%
Magic:  4/4        EV: 10    Int: 12    God:
Gold:   17         SH:  0    Dex: 15    Spells: 1/1 levels left

rFire    . . .     SeeInvis .   a - +0 mace
rCold    . . .     Faith    .   (no shield)
rNeg     . . .     Spirit   .   h - +0 ring mail {rPois}
rPois    +         Reflect  .   (no helmet)
rElec    .         Harm     .   (no cloak)
rCorr    .         Rampage  .   (no gloves)
Will     .....                  (no boots)
Stlth    ++........             (no amulet)
HPRegen  0.08/turn              (no ring)
MPRegen  0.09/turn              (no ring)

@: no status effects
A: high mp 1, forlorn
a: no special abilities


You were on level 5 of the Dungeon.
You visited 1 branch of the dungeon, and saw 1 of its levels.

You collected 17 gold pieces.

Inventory:

Hand Weapons
 a - a +0 mace (weapon)
Missiles
 k - 5 poisoned darts (quivered)
Armour
 b - a +0 leather armour
 h - a +0 ring mail of poison resistance (worn)
Wands
 g - a wand of digging (3)
Scrolls
 c - a scroll of fog
 d - a scroll of magic mapping
 e - a scroll of fear
 i - a scroll of teleportation {unknown}
 j - a scroll of enchant armour {unknown}
Potions
 f - 2 potions of haste


   Skills:
 - Level 2.6 Fighting
 + Level 3.1 Maces & Flails
 - Level 1.7 Dodging
 - Level 4.5 Stealth


You had one spell level left.
You didn't know any spells.
Your spell library was empty.

Dungeon Overview and Level Annotations

Branches:
Dungeon (5/15)
 Temple: D:4-7

Annotations:
D:5 Ijyb


Innate Abilities, Weirdness & Mutations

Your attributes grow dramatically as you level up.
You have an increased reservoir of magic. (+10% MP)
You shall have no god before yourself.


Message History

Aim: Ijyb, wielding a +0 spear and wearing a +0 scale mail (55% to hit)
You throw a poisoned dart. The poisoned dart barely misses Ijyb.
Ijyb hits you but does no damage.
Unknown command.
Unknown command.
Ijyb screams, "No!
No, no, no, no!"
Throw: 10 darts (poison)
Press: ? - help, Q - select action Shift-Dir - straight line, f/p - Ijyb
Aim: Ijyb, wielding a +0 spear and wearing a +0 scale mail (55% to hit)
You throw a poisoned dart. The poisoned dart hits Ijyb.
Ijyb is poisoned.
Ijyb closely misses you.
Unknown command.
Unknown command.
Throw: 9 darts (poison)
Press: ? - help, Q - select action Shift-Dir - straight line, f/p - Ijyb
Aim: Ijyb, wielding a +0 spear and wearing a +0 scale mail (poisoned, 55% to hit)
You throw a poisoned dart. The poisoned dart closely misses Ijyb.
Ijyb hits you from afar with a +0 spear.
* * * LOW HITPOINT WARNING * * *
Unknown command.
Throw: 8 darts (poison)
Press: ? - help, Q - select action Shift-Dir - straight line, f/p - Ijyb
Aim: Ijyb, wielding a +0 spear and wearing a +0 scale mail (lightly wounded, poisoned, 55% to hit)
You throw a poisoned dart. The poisoned dart hits Ijyb.
Ijyb looks even sicker.
Ijyb is lightly wounded.
Ijyb hits you from afar with a +0 spear.
* * * LOW HITPOINT WARNING * * *
Unknown command.
Throw: 7 darts (poison)
Press: ? - help, Q - select action Shift-Dir - straight line, f/p - Ijyb
Aim: Ijyb, wielding a +0 spear and wearing a +0 scale mail (moderately wounded, poisoned, 55% to hit)
You throw a poisoned dart. The poisoned dart barely misses Ijyb.
Ijyb hits you from afar with a +0 spear.
* * * LOW HITPOINT WARNING * * *
Throw: 6 darts (poison)
Press: ? - help, Q - select action Shift-Dir - straight line, f/p - Ijyb
Aim: Ijyb, wielding a +0 spear and wearing a +0 scale mail (heavily wounded, poisoned, 55% to hit)
You throw a poisoned dart. The poisoned dart closely misses Ijyb.
Ijyb hits you from afar with a +0 spear.
You die...

##### ##...## #.>...#####
###############.........##
#........@.........s.....#
.####.g.....###...##.....
#(####### #######...# #.#
###.## #.# #..... ... #.#
#######.####
...######(###### #.......#
# .....)...(.....#
#.##.##.# #
.......##(####.# #.##.##.#
##


You could see Ijyb (poisoned).

Vanquished Creatures
  An iguana (D:5)
1 creature vanquished.

Notes
Turn   | Place    | Note
-------+----------+-------------------------------------------
     0 | D:5      | comborobin the Demigod Delver began the quest for the Orb.
     0 | D:5      | Reached XP level 1. HP: 18/18 MP: 3/3
   147 | D:5      | Noticed Ijyb
   326 | D:5      | Noticed a scorpion
   665 | D:5      | Noticed an iguana
   699 | D:5      | Killed an iguana
   700 | D:5      | Reached XP level 2. HP: 5/25 MP: 4/4
   736 | D:5      | Slain by Ijyb

Illustrated notes

Levels and vault maps discovered:
D:5:      layout_loops_ring, xom_redecorated, hangedman_decor_lopped,
          grunt_decor_arrowhead, grunt_decor_clamped, uniq_ijyb

Skill      XL: |  1 |
---------------+----+-----
Maces & Flails | 3 |  3.1
Fighting       | |  2.6
Dodging        | |  1.7
Stealth        | |  4.5

Action                   || total
-------------------------++-------
Melee: Unarmed           ||     5
       Mace              ||     1
Throw: Dart              ||    12
 Stab: Sleeping          ||     1
Armor: Ring mail         ||     4
       Skin              ||     4
Dodge: Dodged            ||    20
